 Dungeon Crawl Stone Soup version 0.30-a0-570-g486de37d69 (webtiles) character file.

Game seed: 12141184853052855947

14581 Bnni the Jinx (level 12, -1/94 HPs)
             Began as a Formicid Hexslinger on Dec 29, 2022.
             Was a High Priest of Okawaru.
             Slain by a yak (5 damage)
             ... while petrified by a basilisk
             ... on level 2 of the Lair of Beasts.
             The game lasted 00:36:17 (17342 turns).

Bnni the Jinx (Formicid Hexslinger)                Turns: 17342, Time: 00:36:18

Health: -1/94      AC:  6    Str: 16    XL:     12   Next: 47%
Magic:  1/18       EV:  2    Int: 15    God:    Okawaru [*****.]
Gold:   792        SH:  0    Dex: 22    Spells: 6/17 levels left

rFire   . . .      SeeInvis +    d - +0 shortbow
rCold   + . .      Faith    .    k - +0 kite shield
rNeg    + + +      Spirit   .    F - +0 steam dragon scales
rPois   ∞          Reflect  .    (helmet unavailable)
rElec   .          Harm     .    p - +0 cloak
rCorr   .          Rampage  .    (no gloves)
Will    +....                    (no boots)
Stlth   ++                       (no amulet)
HPRegen 0.35/turn                e - +6 ring of dexterity
MPRegen 0.16/turn                h - ring of protection from cold

@: petrified, portalling projectiles
A: permanent stasis, dig shafts and tunnels, antennae 3, four strong arms
a: Dig, Shaft Self, Renounce Religion, Heroism, Finesse, Duel


You were on level 2 of the Lair of Beasts.
You worshipped Okawaru.
Okawaru was extremely pleased with you.
You visited 3 branches of the dungeon, and saw 14 of its levels.

You collected 792 gold pieces.

Inventory:

Hand Weapons
 c - a +4 scimitar of flaming
 d - a +0 shortbow (weapon)
 y - a +1 dagger of venom
Missiles
 b - a throwing net
 w - 3 poisoned darts
Armour
 k - a +0 kite shield (worn)
 p - a +0 cloak (worn)
 F - +0 steam dragon scales (worn)
Jewellery
 e - a +6 ring of dexterity (left hand)
 h - a ring of protection from cold (right hand)
Wands
 a - a wand of polymorph (5)
 r - a wand of iceblast (6)
 s - a wand of quicksilver (8)
 z - a wand of flame (22)
 G - a wand of paralysis (1)
Scrolls
 i - 7 scrolls of enchant armour
 n - a scroll of amnesia
 o - 4 scrolls of fear
 u - a scroll of enchant weapon
 v - 2 scrolls of magic mapping
 B - a scroll of immolation
Potions
 f - 6 potions of haste {unknown}
 g - a potion of might
 l - 2 potions of brilliance
 m - a potion of flight
 q - 2 potions of curing
 t - 4 potions of attraction {unknown}
 x - 3 potions of mutation {unknown}
 A - 2 potions of degeneration {unknown}
 C - a potion of lignification {unknown}
 E - a potion of ambrosia


   Skills:
 + Level 8.4 Fighting
 * Level 11.0 Ranged Weapons
 - Level 1.7 Dodging
 + Level 9.1 Shields
 - Level 3.1 Spellcasting
 + Level 11.2 Hexes
 - Level 3.0 Translocations
 - Level 3.0 Fire Magic
 + Level 8.0 Invocations


You had 6 spell levels left.
You knew the following spells:

 Your Spells              Type           Power      Damage    Failure   Level
a - Slow                  Hex            100%       N/A       1%          1
b - Inner Flame           Hex/Fire       23%        N/A       6%          3
c - Portal Projectile     Hex/Tloc       46%        N/A       6%          3
d - Cause Fear            Hex            18%        N/A       3%          4

Your spell library contained the following spells:

 Spells                   Type           Power      Damage    Failure   Level
 Freeze                   Ice            8%         1d3       36%         1
 Sting                    Tmut/Pois      8%         1d3       36%         1
 Cigotuvi's Dreadful Rot  Necr/Pois/Air  4%         N/A       50%         2
 Poisonous Vapours        Pois/Air       4%         N/A       50%         2
 Frozen Ramparts          Ice            4%         1d1       75%         3
 Hailstorm                Conj/Ice       2%         3d3       75%         3
 Mephitic Cloud           Conj/Pois/Air  2%         N/A       75%         3
 Olgreb's Toxic Radiance  Pois           2%         N/A       98%         4


Dungeon Overview and Level Annotations

Branches:
Dungeon (11/15)            Temple (1/1) D:5            Lair (2/5) D:10
    Orc (0/2) D:9
  Swamp: Lair:2-3    Shoals: Lair:2-3     Snake: Lair:2-3    Spider: Lair:2-3

Altars:
Ashenzari
Cheibriados
Dithmenos
Elyvilon
Fedhas
Gozag
Hepliaklqana
Kikubaaqudgha
Makhleb
Nemelex Xobeh
Okawaru
Qazlal
Ru
Sif Muna
Trog
Uskayaw
Vehumet
Wu Jian
Xom
Yredelemnul
Zin
The Shining One

Shops:
D:10 :


Innate Abilities, Weirdness & Mutations

You cannot be hasted, slowed, berserked, paralysed or teleported.
You can dig through walls and to a lower floor.
You have a pair of large antennae on your head. (SInv)
Your four strong arms can wield two-handed weapons with a shield.


Message History

The bullfrog hits you but does no damage.
The basilisk gazes at you.
You are slowing down.
Fire: d) +0 shortbow
Press: ? - help, Shift-Dir - straight line, f/p - yak
Aim: a yak (moderately wounded, inner flame, 82% to hit)
You magically shoot an arrow.
The arrow hits the yak.
Flame seeps out of the yak.
The yak is heavily wounded.
The bullfrog completely misses you. You block the bullfrog's attack.
The yak is engulfed in blazing flames.
Flame seeps out of the yak.
You block the basilisk's attack. The bullfrog barely misses you.
The basilisk bites you!
* * * LOW HITPOINT WARNING * * *
Your limbs are stiffening.
Okay, then.
Casting: Portal Projectile (mildly dangerous; 6% risk of failure)
Confirm with . or Enter, or press ? or * to list all spells.
Casting: Cause Fear (dangerous; 3% risk of failure)
Press: ? - help, Dir - look around, f - activate The yak easily resists.
The yak resists with almost no effort.
The basilisk looks frightened!
The bullfrog easily resists.
The bullfrog hits you.
The yak is engulfed in blazing flames.
You kill the yak!
Okawaru accepts your kill. You block the bullfrog's attack.
You have turned to stone.
The bullfrog barely misses you. The bullfrog hits you.
* * * LOW HITPOINT WARNING * * *
The yak gores you. The bullfrog hits you.
* * * LOW HITPOINT WARNING * * *
The bullfrog hits you.
* * * LOW HITPOINT WARNING * * *
The yak gores you but does no damage.
The bullfrog hits you but does no damage.
The yak gores you but does no damage.
The bullfrog hits you but does no damage.
The bullfrog hits you.
* * * LOW HITPOINT WARNING * * *
The yak gores you!
You die...

#.. #..#..[.#
####.###..#...#
#........l...#
#........#..#
##.......## ..# P
#......†..# ## .#.
#....{†.## ....
######Y## ..#
....###P##@###P...
..........F.......
..................
..................
.......<..........
..................
..................
#.....#.###+#.#...
....###.> #....


You could see a yak (inner flame), a basilisk (fleeing) and a bullfrog.

Vanquished Creatures
  Erica (D:9)
  3 two-headed ogres
  A tengu warrior (D:11)
  A gargoyle (D:10)
  An efreet (D:10)
  A tengu conjurer (D:11)
  Grinder (D:4)
  A wraith (D:11)
  27 yaks
  A shadow (D:11)
  Sigmund (D:2)
  A wyvern (D:9)
  Eustachio (D:4)
  2 steam dragons
  4 basilisks
  5 wargs
  Menkaure (D:4)
  2 acid dragons
  2 water moccasins
  4 orc warriors
  6 ice beasts
  3 centaurs
  6 wolves
  A phantom (D:5)
  A kobold brigand (D:8)
  3 bullfrogs
  2 scorpions
  2 gnoll sergeants
  A necrophage (D:4)
  3 killer bees
  7 howler monkeys
  7 orc priests
  3 hounds
  A jelly (D:5)
  Crazy Yiuf (D:2)
  A gnoll bouda (D:8)
  2 iguanas (D:6)
  22 orc wizards
  12 gnolls
  6 adders
  4 white imps
  4 ufetubi
  2 dart slugs
  7 worms
  56 orcs
  8 ball pythons
  3 bats
  3 endoplasms
  3 giant cockroaches
  9 hobgoblins
  4 jackals (D:1)
  A quokka (D:4)
  2 frilled lizards
  7 goblins
  10 kobolds
  3 rats
277 creatures vanquished.

Vanquished Creatures (others)
  An orc warrior (D:10)
  A human (D:9)
  2 fungi
  16 plants
20 creatures vanquished.

Grand Total: 297 creatures vanquished

Notes
Turn   | Place    | Note
-------+----------+-------------------------------------------
     0 | D:1      | Bnni the Formicid Hexslinger began the quest for the Orb.
     0 | D:1      | Reached XP level 1. HP: 15/15 MP: 2/2
   120 | D:1      | Reached XP level 2. HP: 21/21 MP: 3/3
   628 | D:1      | Reached XP level 3. HP: 26/26 MP: 4/4
   632 | D:1      | Learned a level 3 spell: Inner Flame
   969 | D:2      | Noticed Sigmund
   980 | D:2      | HP: 1/25 [constriction (1)]
  1412 | D:2      | Killed Sigmund
  1413 | D:2      | Reached skill level 5 in Hexes
  1413 | D:2      | Reached skill level 1 in Fire Magic
  1413 | D:2      | Reached XP level 4. HP: 22/33 MP: 2/7
  1413 | D:2      | Reached XP level 5. HP: 26/38 MP: 2/8
  1496 | D:2      | Learned a level 4 spell: Cause Fear
  1519 | D:2      | Reached XP level 6. HP: 44/44 MP: 9/9
  1820 | D:2      | Found a runed translucent door.
  1821 | D:2      | Noticed Crazy Yiuf
  1860 | D:2      | Killed Crazy Yiuf
  2412 | D:3      | Found an iron altar of Okawaru.
  2414 | D:3      | Found a shimmering altar of Xom.
  2414 | D:3      | Found a shimmering altar of Xom.
  2416 | D:3      | Found a hide-covered altar of Uskayaw.
  2416 | D:3      | Found a shimmering altar of Xom.
  2416 | D:3      | Found an ancient bone altar of Kikubaaqudgha.
  2715 | D:4      | Noticed Grinder
  2721 | D:4      | Killed Grinder
  2722 | D:4      | Reached skill level 1 in Shields
  2722 | D:4      | Reached XP level 7. HP: 41/52 MP: 6/11
  2727 | D:4      | Noticed Menkaure
  2730 | D:4      | Killed Menkaure
  3360 | D:4      | Noticed Eustachio
  3481 | D:4      | Killed Eustachio
  3482 | D:4      | Reached XP level 8. HP: 17/58 MP: 10/12
  3990 | D:4      | Learned a level 3 spell: Portal Projectile
  4141 | D:5      | Entered Level 5 of the Dungeon
  4231 | D:5      | Reached skill level 5 in Ranged Weapons
  4723 | D:5      | Found a staircase to the Ecumenical Temple.
  4731 | Temple   | Entered the Ecumenical Temple
  4736 | Temple   | Became a worshipper of Warmaster Okawaru
  5191 | D:6      | Found a sacrificial altar of Ru.
  5312 | D:6      | Reached skill level 1 in Invocations
  5484 | D:6      | Reached XP level 9. HP: 53/65 MP: 11/13
  5921 | D:6      | Reached * piety under Okawaru
  7475 | D:7      | Found a stormy altar of Qazlal.
  7638 | D:7      | Found a glowing golden altar of the Shining One.
  7639 | D:7      | Found a burning altar of Makhleb.
  7880 | D:7      | Reached skill level 5 in Fighting
  8001 | D:8      | Noticed a two-headed ogre
  8419 | D:8      | Reached skill level 5 in Shields
  8487 | D:8      | Reached skill level 1 in Translocations
  8585 | D:8      | Found a hazy altar of Hepliaklqana.
  8600 | D:8      | Reached ** piety under Okawaru
  8812 | D:8      | Reached XP level 10. HP: 62/74 MP: 8/14
  9966 | D:8      | Killed a two-headed ogre
 10092 | D:8      | Reached *** piety under Okawaru
 10143 | D:9      | Noticed Erica
 10341 | D:9      | Found a snail-covered altar of Cheibriados.
 10680 | D:9      | Found an ancient bone altar of Kikubaaqudgha.
 10919 | D:9      | Killed Erica
 10920 | D:9      | Reached skill level 5 in Invocations
 11689 | D:9      | Found a staircase to the Orcish Mines.
 11772 | D:9      | Reached XP level 11. HP: 73/83 MP: 4/15
 12001 | D:9      | Found a white marble altar of Elyvilon.
 12264 | D:10     | Entered Level 10 of the Dungeon
 12358 | D:10     | Reached **** piety under Okawaru
 12711 | D:10     | HP: 3/75 [orc priest/+1 falchion of electrocution (10)]
 12957 | D:10     | Found a staircase to the Lair.
 12973 | D:10     | Noticed a two-headed ogre
 12980 | D:10     | Killed a two-headed ogre
 12981 | D:10     | Reached skill level 10 in Hexes
 13067 | D:10     | Noticed a two-headed ogre
 13075 | D:10     | Killed a two-headed ogre
 13099 | D:10     | Reached ***** piety under Okawaru
 13550 | D:10     | HP: 2/83 [yak (14)]
 13763 | D:10     | Found a radiant altar of Vehumet.
 13776 | D:10     | Found a runed translucent door.
 14586 | D:10     | Found Ifeg Huj's Book Shoppe.
 14601 | D:10     | Reached skill level 10 in Ranged Weapons
 14907 | D:10     | Found a shadowy altar of Dithmenos.
 14909 | D:10     | Found an ornate altar of the Wu Jian Council.
 15349 | D:11     | Noticed a death yak
 15416 | D:11     | Noticed a tengu warrior
 15423 | D:11     | Killed a tengu warrior
 15424 | D:11     | Reached XP level 12. HP: 92/92 MP: 13/17
 16218 | Lair:1   | Entered Level 1 of the Lair of Beasts
 17320 | Lair:2   | Received a gift from Okawaru
 17320 | Lair:2   | Found the +15 Maxwell's patent armour {-Cast -Tele rElec
                  | Will+ rCorr}
 17340 | Lair:2   | HP: 4/94 [bullfrog (2)]
 17342 | Lair:2   | Slain by a yak

Illustrated notes

Levels and vault maps discovered:
D:1:      onia_arrival_mini_spirals, layout_basic
D:2:      layout_rooms, uniq_crazy_yiuf_cottage, uniq_sigmund
D:3:      layout_basic, doesnt_xom_only_xom
D:4:      layout_layer_cave, kennysheep_potato, uniq_eustachio, uniq_menkaure,
          uniq_grinder
D:5:      layout_rooms, minmay_temple_entry_tees
D:6:      layout_basic, lemuel_tele_altar, roderic_lattice_a
D:7:      layout_basic, grunt_temple_overflow_open
D:8:      layout_basic, old_standard_altar
D:9:      layout_basic, nicolae_elyvilon_temple_path, tgw_kikubaaqudgha,
          cheibriados_altar_1, erik_orc_4, st_stairs_11, minmay_misc_feat_room,
          uniq_erica
D:10:     layout_long_grid, nicolae_vehumet_radiance,
          gammafunk_temple_overflow_statue, erik_lair_orcish_takeover,
          serial_shops, shop, lightli_church_of_beogh
D:11:     layout_roguey, serial_ice, serial_ice_f, serial_ice_h, serial_ice_b,
          serial_ice_m
Temple:   hellmonk_temple_micro_hex
Lair:1:   layout_loops_ring
Lair:2:   layout_regular_city, minmay_snake_entry_guardpost_medium,
          chequers_serial_rivers_small_a, grunt_megastairs_5,
          serial_bayou_shore_b, infiniplex_staircase_pool, uniq_maggie

Skill      XL: |  1  2  3  4  5  6  7  8  9 10 11 12 |
---------------+-------------------------------------+-----
Hexes          | 4 5 6 7 8 9 10 11 | 11.2
Fighting       | 2 3 4 5 6 7 8 |  8.4
Ranged Weapons | 3 4 5 7 8 10 11 | 11.0
Spellcasting   | 2 3 |  3.1
Fire Magic     | 1 2 3 |  3.0
Shields        | 1 2 3 5 6 8 9 |  9.1
Invocations    | 1 3 5 7 8 |  8.0
Translocations | 1 3 |  3.0
Dodging        | |  1.7

Action                   |  1- 3 |  4- 6 |  7- 9 | 10-12 || total
-------------------------+-------+-------+-------+-------++-------
 Fire: Sling             |    87 |    92 |   194 |       ||   373
       Shortbow          |       |       |   355 |   663 ||  1018
Throw: Dart              |       |       |       |     6 ||     6
       Throwing net      |       |       |       |     1 ||     1
 Cast: Inner Flame       |     6 |     2 |     7 |    39 ||    54
       Slow              |     2 |     4 |    32 |    28 ||    66
       Cause Fear        |       |       |     3 |    17 ||    20
       Portal Projectile |       |       |       |    12 ||    12
Invok: Heroism           |       |       |       |     5 ||     5
       Finesse           |       |       |       |     1 ||     1
 Abil: Dig               |     1 |       |     3 |     4 ||     8
Evoke: Wand              |       |       |       |     5 ||     5
  Use: Scroll            |       |       |     8 |    10 ||    18
       Potion            |       |       |       |     8 ||     8
Armor: Robe              |    16 |     6 |   127 |       ||   149
       Steam dragon scal |       |       |       |    76 ||    76
Dodge: Dodged            |    44 |    11 |   248 |   179 ||   482
Block: Buckler           |       |     1 |   159 |    49 ||   209
       Kite shield       |       |       |       |   182 ||   182

Table legend: (Time is in decaauts)
 A = Elapsed time spent in this place.
 B = Non-inter-level travel time spent in this place.
 C = Inter-level travel time spent in this place.
 D = Time resting spent in this place.
 E = Time spent auto-exploring this place.
 F = Levels seen in this place.
 G = Mean time per level.
                   A        B        C        D        E       F      G
               +--------+--------+--------+--------+--------+-----+--------+
         Total |  17574 |  16678 |    896 |   5129 |   8584 |  14 | 1255.3 |
       Dungeon |  16427 |  15551 |    876 |   5087 |   7725 |  11 | 1493.4 |
        Temple |     10 |      6 |      4 |      0 |      0 |   1 |   10.0 |
          Lair |   1135 |   1119 |     16 |     42 |    859 |   2 |  567.5 |
               +--------+--------+--------+--------+--------+-----+--------+

Top non-repeatable levels by time:
    D:10: 3047 daAuts
     D:8: 2483 daAuts
     D:6: 2193 daAuts
     D:9: 2022 daAuts
     D:4: 1542 daAuts
     D:1: 1362 daAuts
  Lair:1: 1087 daAuts
     D:7: 1059 daAuts
     D:5: 793 daAuts
     D:3: 679 daAuts
     D:2: 639 daAuts
    D:11: 603 daAuts
  Lair:2: 48 daAuts
  Temple: 10 daAuts
